[Event "SixDays Budapest GM-C 10-2024"]
[Site "Budapest"]
[Date "2024.10.01"]
[Round "2.1"]
[White "Pap, Gyula"]
[Black "Srihari L R"]
[Result "1/2-1/2"]
[ECO "B13"]
[WhiteElo "2476"]
[BlackElo "2503"]
[Annotator "RC"]
[PlyCount "21"]
[EventDate "2024.09.24"]
[EventType "tourn"]
[EventCountry "HUN"]
[SourceTitle "playchess.com"]
[Source "ChessBase"]
[SourceQuality "1"]
[TimeControl "5400+30"]

1. e4 c6 2. d4 d5 3. exd5 cxd5 4. Bd3 Nc6 5. c3 Nf6 6. h3 g6 7. Nf3 Bf5 8. Be2 Bg7 9. Bf4 O-O 10. O-O Ne4 11. Nbd2 1/2-1/2

[Event "SixDays Budapest GM-C 10-2024"]
[Site "Budapest"]
[Date "2024.10.01"]
[Round "2.2"]
[White "Borgaonkar Akshay"]
[Black "Laddha, Shubh Jayesh"]
[Result "1/2-1/2"]
[ECO "C70"]
[WhiteElo "2415"]
[BlackElo "2308"]
[Annotator "RC"]
[PlyCount "92"]
[EventDate "2024.09.24"]
[EventType "tourn"]
[EventCountry "HUN"]
[SourceTitle "playchess.com"]
[Source "ChessBase"]
[SourceQuality "1"]
[TimeControl "5400+30"]

1. e4 e5 2. Nf3 Nc6 3. Bb5 a6 4. Ba4 Bc5 5. O-O Nge7 6. c3 Ng6 7. d4 Ba7 8. Bg5 f6 9. Be3 O-O 10. Nbd2 d6 11. Re1 Kh8 12. h3 Bd7 13. Nf1 exd4 14. cxd4 d5 15. exd5 Nb4 16. Bb3 Bb5 17. a4 Be8 18. Ng3 Nxd5 19. Bd2 Bc6 20. h4 Re8 21. h5 Ngf4 22. h6 g6 23. Rxe8+ Qxe8 24. Bxf4 Nxf4 25. Qd2 Nd5 26. Re1 Qf8 27. Ne4 Re8 28. Neg5 Rxe1+ 29. Qxe1 Qe7 30. Qxe7 Nxe7 31. Nf7+ Kg8 32. Nd8+ Kf8 33. Ne6+ Ke8 34. d5 Bd7 35. Nxc7+ Kd8 36. Ne6+ Bxe6 37. dxe6 Nf5 38. Bd5 Nxh6 39. Bxb7 a5 40. Ne1 Ke7 41. Bd5 Ng4 42. Nd3 Ne5 43. Nxe5 fxe5 44. g3 Bc5 45. Kf1 e4 46. Bxe4 Kxe6 1/2-1/2

[Event "SixDays Budapest GM-C 10-2024"]
[Site "Budapest"]
[Date "2024.10.01"]
[Round "2.3"]
[White "Mohammad Fahad, Rahman"]
[Black "Susilodinata, Andrean"]
[Result "1-0"]
[ECO "B15"]
[WhiteElo "2419"]
[BlackElo "2393"]
[Annotator "TA"]
[PlyCount "85"]
[EventDate "2024.09.24"]
[EventType "tourn"]
[EventCountry "HUN"]
[SourceTitle "playchess.com"]
[Source "ChessBase"]
[SourceQuality "1"]
[TimeControl "5400+30"]

1. e4 c6 2. d4 d5 3. Nd2 dxe4 4. Nxe4 Nf6 5. Nxf6+ exf6 6. c3 a5 7. Bd3 Na6 8. Ne2 {[%emt 0:01:03] White is slightly better.} g6 9. O-O Bg7 10. Bf4 O-O 11. Qd2 Re8 12. h3 Nc7 13. Rad1 Be6 14. c4 f5 15. b3 Qd7 16. a4 b6 17. Bb1 Rad8 18. Bg5 f6 19. Be3 Qe7 20. Rfe1 {[%emt 0:05:13][%cal Od4d5] d5! is the strong threat.} Qa3 $2 {[%emt 0:06:42] [#] Black cannot hold the game after this.} (20... Bf8 $1 $11) 21. d5 $1 $18 Na8 {[%emt 0:10:27] [#]} 22. Nd4 $1 Bd7 23. Bd3 (23. dxc6 Bxc6 24. Bd3 Be4 25. Bxe4 fxe4) 23... cxd5 24. cxd5 Nc7 $2 (24... Bf8 {was necessary.}) 25. Bc4 Kh8 26. Nc2 (26. Bf4 $142 Rxe1+ 27. Rxe1 (27. Qxe1 Re8 $18)) 26... Qd6 27. Qd4 b5 28. Bf4 Re5 29. axb5 Nxb5 30. Bxb5 ({Don't play} 30. Bxe5 fxe5 31. Qd2 Ra8 32. Bxb5 Bxb5) 30... Bxb5 31. Ne3 h5 32. Bxe5 fxe5 33. Qa7 e4 34. Nc4 Qb4 (34... Qa6 {is a better chance.} 35. Qe7 Re8) 35. Qb6 Rd7 36. Qxg6 Bc3 37. Re3 h4 38. Qxf5 Rg7 39. Rxe4 {[%emt 0:00:21] White threatens Qc8+ and mate.} Qxb3 40. Qf8+ {[%emt 0:00:29] White mates.} Kh7 41. Rxh4+ Kg6 42. Qd6+ Bf6 43. Ne5+ {[%emt 0:01:51] Weighted Error Value: White=0.11 (very precise) /Black=0.74.  Loses game:     	---       	Black=1      Mistake:       	White=1     	Black=2      Inaccurate:     	White=1     	Black=3      OK:         	White=10    	Black=13     Best:        	---       	Black=1      Strong:       	White=1     	---        Brilliant:      	White=1     	---} ({Less strong is} 43. Nxa5 Qxd1+ 44. Kh2 Bd7 $16) 1-0

[Event "SixDays Budapest GM-C 10-2024"]
[Site "Budapest"]
[Date "2024.10.01"]
[Round "2.4"]
[White "Pacher, Milan"]
[Black "Mamatov, Melis"]
[Result "1-0"]
[ECO "C78"]
[WhiteElo "2343"]
[BlackElo "2362"]
[Annotator "RC"]
[PlyCount "109"]
[EventDate "2024.09.24"]
[EventType "tourn"]
[EventCountry "HUN"]
[SourceTitle "playchess.com"]
[Source "ChessBase"]
[SourceQuality "1"]
[TimeControl "5400+30"]

1. e4 e5 2. Nf3 Nc6 3. Bb5 a6 4. Ba4 Nf6 5. O-O b5 6. Bb3 Bc5 7. Nc3 d6 8. Nd5 h6 9. c3 O-O 10. d4 Ba7 11. Nxf6+ Qxf6 12. Bd5 Bb7 13. Be3 exd4 14. cxd4 Na5 15. Bxb7 Nxb7 16. Rc1 c5 17. dxc5 Bxc5 18. Qd5 Rab8 19. b4 Bxe3 20. fxe3 Nd8 21. e5 dxe5 22. Nxe5 Qg5 23. e4 Ne6 24. Nc6 Rbe8 25. Qxg5 hxg5 26. e5 Nf4 27. Rcd1 Re6 28. Rd6 Rfe8 29. Rfd1 Ne2+ 30. Kf1 Nc3 31. Rxe6 Rxe6 32. Rd8+ Kh7 33. Rd6 Nxa2 34. Ke2 Nc3+ 35. Kd3 Nd5 36. Kd4 Nf4 37. g3 Ne2+ 38. Ke3 Nc3 39. Kd3 Na2 40. Rxe6 fxe6 41. g4 Kg6 42. Kc2 Kf7 43. Kb2 Nxb4 44. Nxb4 a5 45. Nc6 a4 46. Ka3 Ke8 47. Kb4 Kd7 48. Nd4 Kc7 49. Nxe6+ Kc6 50. Nxg5 Kd5 51. Nf3 Ke6 52. h4 Kd5 53. h5 Ke6 54. g5 Kf5 55. h6 1-0

[Event "SixDays Budapest GM-C 10-2024"]
[Site "Budapest"]
[Date "2024.10.01"]
[Round "2.5"]
[White "Kotronias, Vasilios"]
[Black "Chen, Yining"]
[Result "1-0"]
[ECO "B12"]
[WhiteElo "2458"]
[BlackElo "2252"]
[Annotator "TA"]
[PlyCount "73"]
[EventDate "2024.09.24"]
[EventType "tourn"]
[EventCountry "HUN"]
[SourceTitle "playchess.com"]
[Source "ChessBase"]
[SourceQuality "1"]
[TimeControl "5400+30"]

1. e4 c6 2. d4 d5 3. e5 Bf5 4. Nd2 e6 5. Nb3 Nd7 6. Nf3 Qc7 7. Nh4 {[%emt 0:06:08] Black should prevent Nxf5.} Bg6 8. c3 c5 {[%emt 0:03:28][%cal Bc6c5,Bc5c4][%mdl 32] White has an edge.} 9. Bb5 c4 10. Nxg6 hxg6 11. Nd2 a6 12. Ba4 b5 13. Bc2 Ne7 14. Nf3 Nf5 15. h4 Be7 16. g3 O-O-O 17. Bf4 b4 18. cxb4 Bxb4+ 19. Kf1 Nb6 20. Kg2 Kb7 21. Rb1 Ka7 22. Qe2 Rb8 (22... Rc8 $16 23. g4 Nh6) 23. h5 $1 $18 gxh5 (23... Rxh5 $2 24. Rxh5 gxh5 25. Bxf5 $18) (23... Rhf8 $16 24. hxg6 fxg6) 24. Bxf5 exf5 25. e6 Bd6 26. Bxd6 Qxd6 27. exf7 {[%emt 0:00:04] Black must now prevent Rbe1.} Rhf8 {[%emt 0:12:43] [#]} 28. Ng5 (28. Rxh5 Rxf7 29. Ne5 Rf6 $16) 28... f4 29. Rbe1 {[%emt 0:01:09] Threatens to win with Qe7+.} (29. Qxh5 $6 fxg3 30. fxg3 Nd7 $18) (29. Rxh5 fxg3 30. fxg3 Qg6 $16) 29... Qf6 (29... Rb7 30. Qe5 (30. Qxh5 fxg3 31. fxg3 Nd7 $18) 30... Qf6 31. gxf4 (31. Rxh5 Nd7 $18) 31... h4) 30. Qe7+ Ka8 31. Rh4 fxg3 32. Kxg3 Nc8 {[%emt 0:02:57] [#]} 33. Qe5 {[%emt 0:00:16] Active counter play!} (33. Qxf8 Qxg5+ 34. Kh3 Qf5+ 35. Kg2 Qg5+ 36. Kf1 (36. Kh3 Qf5+ 37. Kg3 Qg6+ 38. Kh2 Qf6 $11) 36... Qxh4 $11) 33... Nd6 $2 (33... Rxf7 34. Nxf7 (34. Rxh5 Qxf2+ 35. Kg4 Qg2+ 36. Qg3 Rf2 $17) (34. Qxd5+ Rfb7 $18) 34... Qxf7 35. Rxh5 (35. Qxh5 Qd7 $18) 35... Nb6) 34. Qxd5+ {[%emt 0:00:29] White is clearly winning.} (34. Rxh5 Rxb2 35. Qxd5+ Kb8 $11) 34... Rb7 35. Rf4 h4+ 36. Kg4 (36. Kxh4 {is a self mate.} Qxf4+ 37. Kh3 Rh8+ (37... Qxf2 $2 38. Re8+ Nxe8 39. Qd8+ Ka7 40. fxe8=R $19) (37... Qxf2 $2 38. Nf3 $19)) 36... Qg6 37. Re6 {[%emt 0:00:06] Weighted Error Value: White=0.30/Black=0.35.  Mistake:       	---       	Black=4      Inaccurate:     	White=1     	Black=3      OK:         	White=18    	Black=5      Best:        	White=1     	---} 1-0

[Event "SixDays Budapest GM-C 10-2024"]
[Site "Budapest"]
[Date "2024.10.01"]
[Round "3.1"]
[White "Chen, Yining"]
[Black "Pap, Gyula"]
[Result "1/2-1/2"]
[ECO "A41"]
[WhiteElo "2252"]
[BlackElo "2476"]
[Annotator "TA"]
[PlyCount "22"]
[EventDate "2024.09.24"]
[EventType "tourn"]
[EventCountry "HUN"]
[SourceTitle "playchess.com"]
[Source "ChessBase"]
[SourceQuality "1"]
[TimeControl "5400+30"]

1. d4 d6 2. Nf3 g6 3. c4 Bg7 4. Nc3 Bg4 5. e3 Nf6 6. Be2 O-O 7. h3 Bf5 8. Nh4 {[%emt 0:13:13] Threatening Nxf5.} Bd7 9. Nf3 Bf5 10. Nh4 {[%emt 0:05:44] next Nxf5 is good for White.} Bd7 11. Nf3 Bf5 {[%emt 0:08:05] An uneventful encounter.   Weighted Error Value: White=0.17 (very precise) /Black=0.00 (flawless) .  OK:         	---       	Black=4} 1/2-1/2

[Event "SixDays Budapest GM-C 10-2024"]
[Site "Budapest"]
[Date "2024.10.01"]
[Round "3.2"]
[White "Mamatov, Melis"]
[Black "Kotronias, Vasilios"]
[Result "1/2-1/2"]
[ECO "B85"]
[WhiteElo "2362"]
[BlackElo "2458"]
[Annotator "TA"]
[PlyCount "110"]
[EventDate "2024.09.24"]
[EventType "tourn"]
[EventCountry "HUN"]
[SourceTitle "playchess.com"]
[Source "ChessBase"]
[SourceQuality "1"]
[TimeControl "5400+30"]

1. e4 c5 2. Nf3 e6 3. d4 cxd4 4. Nxd4 Nc6 5. Nc3 Qc7 6. Be2 a6 7. Be3 Nf6 8. O-O Be7 9. f4 d6 10. Qe1 O-O 11. Kh1 Bd7 12. Qg3 d5 13. e5 {[%emt 0:17:12] [#] And now Nxc6 would win.} Ne4 14. Nxe4 dxe4 15. c3 Nxd4 16. Bxd4 Bc5 17. Rad1 {[%emt 0:13:34] Bxc5 would now be deadly.} Bxd4 18. Rxd4 Bc6 19. Rfd1 Qb6 20. b4 Qc7 21. c4 b5 22. a3 bxc4 23. Bxc4 Ba4 24. Bb3 Bxb3 25. Qxb3 Rad8 $1 26. Rd6 h5 27. h3 (27. Rxa6 $2 Qc4 28. Qb1 Rxd1+ (28... Qxa6 $2 29. Re1 $19) 29. Qxd1 Qxa6 $19) 27... Rxd6 28. exd6 $11 {[%emt 0:00:09][%mdl 4096] Endgame. KQR-KQR} Qb6 29. Qc2 {[%emt 0:01:37][%cal Oc2c5] Black must now prevent Qc5!} (29. Qc4 $5 Rd8 $8 30. Qc5 $14 (30. Qxe4 Rxd6 31. Rxd6 Qxd6 $11)) 29... Rd8 30. Qc5 Qb5 31. Kh2 h4 32. Rd2 (32. d7 {keeps more tension.} Qb8 33. Kg1 Qxf4 34. Qe7) 32... Rd7 33. Qe5 $36 {[%emt 0:03:13][%mdl 2048] White fights for an advantage.} Qc6 34. Rd4 Qc3 35. Qxe4 {[%emt 0:01:49] Hoping for a4.} Qxa3 36. Rd3 Qc1 37. f5 Qh6 {[%emt 0:00:07] [#]} 38. Rd1 $1 {[%emt 0:03:04] Qc6 is the strong threat.} ({Much weaker is} 38. Rd4 Qf6 $11) 38... Qf6 (38... Rd8 $14) 39. fxe6 fxe6 (39... Qxe6 $16 40. Qa8+ (40. Qxh4 Rxd6 41. Re1 Qc8 $11) 40... Kh7) 40. Qa8+ $2 (40. Kg1 $18 {and the rest is easy.}) 40... Rd8 $16 41. Qxa6 (41. Qa7 $16) 41... Qf4+ $14 42. Kh1 Qxb4 43. d7 Qe7 44. Qc8 e5 45. Qc4+ Kh8 46. Rd5 {[%emt 0:00:46][%cal Od5e5] White threatens Rxe5! and mate.} g6 47. Qc3 Kh7 48. Qc6 Kg7 49. Qc7 Qf6 50. Rd1 Qe7 51. Kg1 e4 52. Rd5 (52. Rd4 $5) 52... e3 $1 53. Re5 Qf7 54. Rxe3 {[%emt 0:02:44] Active counter play!} (54. Re8 $5 Qf2+ (54... Rxd7 $2 {is the wrong capture.} 55. Qe5+ Qf6 56. Rg8+ Kxg8 57. Qxf6 $18) 55. Kh2 Qg3+ 56. Qxg3 hxg3+ 57. Kxg3 Rxd7 58. Rxe3 $14) 54... Rxd7 {[%emt 0:00:04] ( -> ...Rd1+)} 55. Qc3+ Qf6 {[%emt 0:00:08] Weighted Error Value: White=0.13 (very precise) /Black=0.15 (very precise) .  Loses game:     	---       	Black=1      Missed win:     	White=1     	---        Mistake:       	White=1     	Black=1      Inaccurate:     	White=2     	Black=4      OK:         	White=16    	Black=19     Best:        	---       	Black=5      Strong:       	White=1     	Black=2} 1/2-1/2

[Event "SixDays Budapest GM-C 10-2024"]
[Site "Budapest"]
[Date "2024.10.01"]
[Round "3.3"]
[White "Susilodinata, Andrean"]
[Black "Pacher, Milan"]
[Result "1-0"]
[ECO "C11"]
[WhiteElo "2393"]
[BlackElo "2343"]
[Annotator "RC"]
[PlyCount "57"]
[EventDate "2024.09.24"]
[EventType "tourn"]
[EventCountry "HUN"]
[SourceTitle "playchess.com"]
[Source "ChessBase"]
[SourceQuality "1"]
[TimeControl "5400+30"]

1. d4 Nf6 2. Nc3 e6 3. e4 d5 4. e5 Nfd7 5. f4 c5 6. Nf3 Nc6 7. Be3 cxd4 8. Nxd4 Bc5 9. Qd2 Nxd4 10. Bxd4 Bxd4 11. Qxd4 Qb6 12. Nb5 Qxd4 13. Nxd4 Ke7 14. h4 h5 15. Rh3 Nb6 16. Rg3 g6 17. a4 Bd7 18. b3 a5 19. Kd2 Rac8 20. Bd3 Rhd8 21. Rg5 Be8 22. g4 hxg4 23. h5 gxh5 24. f5 Bc6 25. f6+ Kd7 26. Rg7 Rf8 27. Bg6 Ke8 28. Nxe6 fxg6 29. Re7# 1-0

[Event "SixDays Budapest GM-C 10-2024"]
[Site "Budapest"]
[Date "2024.10.01"]
[Round "3.4"]
[White "Laddha, Shubh Jayesh"]
[Black "Mohammad Fahad, Rahman"]
[Result "0-1"]
[ECO "B33"]
[WhiteElo "2308"]
[BlackElo "2419"]
[Annotator "TA"]
[PlyCount "94"]
[EventDate "2024.09.24"]
[EventType "tourn"]
[EventCountry "HUN"]
[SourceTitle "playchess.com"]
[Source "ChessBase"]
[SourceQuality "1"]
[TimeControl "5400+30"]

1. e4 c5 2. Nf3 Nc6 3. d4 cxd4 4. Nxd4 Nf6 5. Nc3 e5 6. Ndb5 d6 7. Bg5 a6 8. Na3 b5 9. Nab1 Ne7 10. a3 Bb7 11. Nd2 d5 {[%emt 0:00:46] The position is equal.} 12. exd5 Nexd5 13. Nxd5 Qxd5 14. c4 bxc4 15. Nxc4 Bc5 16. Qxd5 Bxd5 17. O-O-O (17. Nxe5 $11 {is more appropriate.} O-O 18. Bxf6 gxf6 19. Rd1) 17... Bd4 {[%emt 0:15:42] White should prevent ...Rc8.} 18. Be3 Rc8 19. Bxd4 Bxc4 20. Bc3 Ne4 21. Bxc4 Rxc4 22. Rhe1 {[%emt 0:01:08] And now f3 would win.} O-O (22... Nxf2 23. Rxe5+ Kf8 24. Rd8#) 23. Kc2 Rfc8 24. Re3 Nxf2 25. Rd6 Ne4 26. Rxa6 f5 27. g3 (27. Ra5 $11 {remains equal.} f4 28. Rf3 Nxc3 29. Rxc3) 27... f4 $1 $36 {[%emt 0:04:00][%mdl 2048] Black is on the roll.} 28. gxf4 exf4 29. Rh3 g5 (29... Rd4 $17 {Threatens to win with ...Rd2+.} 30. Kb3 Nxc3 31. bxc3 (31. Rxc3 Rb8+ 32. Kc2 Re4 $17) 31... Re4) 30. Ra7 $15 R4c7 31. Ra5 {[%emt 0:01:45] [#] White is on the road to losing.} (31. Rxc7 $15 Rxc7 32. Rf3) 31... Rf7 $1 $19 32. Re5 {[%emt 0:09:37] [#]} (32. Rd3 {is a better defense.}) 32... f3 $1 33. Rxf3 (33. Rxe4 $2 {perishes.} f2 34. Rh5 f1=Q $19 (34... f1=R 35. Rxg5+ Kf8 36. Rh4 $16)) 33... Rxf3 34. Rxe4 {[%emt 0:00:05][%mdl 4096] Endgame. KRR-KRB} Rf2+ 35. Kd3 Rxh2 36. Re7 $2 (36. a4 {might work better.}) 36... Kf8 37. Re5 g4 38. Rg5 h5 39. a4 Rh3+ 40. Kd4 Kf7 41. Kd5 Rcxc3 42. bxc3 {[%emt 0:00:11] KR-KR} Kf6 ({Worse is} 42... Rxc3 43. Rxh5 Kg6 44. Rh8 $11) 43. Rg8 Rxc3 {[%emt 0:00:06] Strongly threatening ...Ra3.} 44. a5 Ra3 45. Ra8 g3 {[%emt 0:00:44] Black mates.} 46. a6 h4 47. Rg8 h3 {[%emt 0:00:32] Weighted Error Value: White=0.40/Black=0.15 (very precise) .  Mistake:       	White=5     	Black=1      Inaccurate:     	---       	Black=1      OK:         	White=16    	Black=15     Best:        	White=2     	Black=3      Strong:       	---       	Black=3} 0-1

[Event "SixDays Budapest GM-C 10-2024"]
[Site "Budapest"]
[Date "2024.10.01"]
[Round "3.5"]
[White "Srihari L R"]
[Black "Borgaonkar Akshay"]
[Result "1/2-1/2"]
[ECO "B40"]
[WhiteElo "2503"]
[BlackElo "2415"]
[Annotator "TA"]
[PlyCount "119"]
[EventDate "2024.09.24"]
[EventType "tourn"]
[EventCountry "HUN"]
[SourceTitle "playchess.com"]
[Source "ChessBase"]
[SourceQuality "1"]
[TimeControl "5400+30"]

1. e4 c5 2. Nf3 e6 3. b3 a6 4. Bb2 d5 5. exd5 exd5 6. Qe2+ {[%emt 0:00:04] B40: Sicilian: 2...e6, Unusual lines.} Be6 7. g3 Nc6 8. Bh3 Qe7 9. Bxe6 Qxe6 10. Nc3 $146 ({Predecessor:} 10. Qxe6+ fxe6 11. O-O Nf6 12. Re1 Kd7 13. Nc3 Re8 14. Na4 Bd6 15. c4 Nb4 16. Ne5+ Bxe5 17. Bxe5 {0-1 Yoo,C (2606)-Urazayev,A (2478) Titled Tuesday intern op 12th Sep Late blitz 2023 (10)}) 10... Nf6 11. O-O d4 12. Qxe6+ fxe6 13. Nb1 Bd6 14. d3 Kd7 15. Nbd2 b5 16. Ng5 Rhf8 17. Nge4 Nxe4 18. Nxe4 Nb4 19. a3 Nd5 (19... Nxc2 $2 {too greedy.} 20. Rac1 $18) 20. Rfe1 e5 21. Re2 Nf6 22. Nd2 Kc6 23. Kg2 Rf7 24. Nf3 Re7 25. a4 Kb7 26. Nh4 g6 27. Bc1 Nd5 28. Bd2 Rae8 29. Rae1 Kc6 30. Nf3 Nb6 31. axb5+ axb5 32. Bg5 Re6 33. b4 Na4 34. bxc5 Nxc5 35. Bd2 Kd5 36. Rb1 Rb8 37. Ng5 Re7 38. Bb4 Na4 (38... Nb7 $11) 39. Bxd6 $16 Kxd6 40. Rbe1 $1 Rbe8 {[%emt 0:05:57] [#]} 41. Ne4+ $1 Kc6 {[%emt 0:00:05] [#]} 42. Nf6 $1 Nc3 (42... Ra8 $142) 43. Nxe8 $16 Nxe2 44. Nf6 ({White has to play} 44. Rxe2 $16 {aiming for Nf6.} Rxe8 45. f4) 44... Nc3 $11 45. f4 Kd6 46. Ne4+ Nxe4 47. Rxe4 Rc7 48. fxe5+ Ke6 49. Re2 Rf7 $1 50. g4 g5 51. h3 Rc7 52. Kf3 Rc5 53. Re4 Rd5 54. Kg3 Rd7 55. Kg2 Rc7 56. Kf3 Rxc2 57. Rxd4 Rh2 58. Kg3 Rd2 59. h4 Kxe5 60. Rd7 1/2-1/2

[Event "SixDays Budapest GM-C 10-2024"]
[Site "Budapest"]
[Date "2024.10.02"]
[Round "4.1"]
[White "Pap, Gyula"]
[Black "Borgaonkar Akshay"]
[Result "1/2-1/2"]
[ECO "B40"]
[WhiteElo "2476"]
[BlackElo "2415"]
[Annotator "TA"]
[PlyCount "23"]
[EventDate "2024.09.24"]
[EventType "tourn"]
[EventCountry "HUN"]
[SourceTitle "playchess.com"]
[Source "ChessBase"]
[SourceQuality "1"]
[TimeControl "5400+30"]

1. e4 c5 2. Nf3 e6 3. d4 cxd4 4. Nxd4 Nf6 5. Nc3 Nc6 6. Ndb5 Bb4 7. a3 Bxc3+ 8. Nxc3 d5 9. exd5 exd5 10. Bd3 O-O 11. O-O {[%emt 0:00:11] Active counter play!} Bg4 12. Qd2 {[%emt 0:01:43] Weighted Error Value: White=0.00 (flawless) /Black=0.04 (flawless) .  Inaccurate:     	White=1     	---        OK:         	White=1     	---} (12. f3 $5 Qb6+ 13. Rf2 $11) 1/2-1/2

[Event "SixDays Budapest GM-C 10-2024"]
[Site "Budapest"]
[Date "2024.10.02"]
[Round "4.2"]
[White "Mohammad Fahad, Rahman"]
[Black "Srihari L R"]
[Result "1-0"]
[ECO "D37"]
[WhiteElo "2419"]
[BlackElo "2503"]
[Annotator "TA"]
[PlyCount "91"]
[EventDate "2024.09.24"]
[EventType "tourn"]
[EventCountry "HUN"]
[SourceTitle "playchess.com"]
[Source "ChessBase"]
[SourceQuality "1"]
[TimeControl "5400+30"]

1. d4 Nf6 2. c4 e6 3. Nf3 d5 4. Nc3 Nbd7 5. Bf4 Bb4 6. cxd5 exd5 7. e3 Ne4 {[%emt 0:01:06] D35: Queen's Gambit Declined: Exchange Variation.} 8. Qc2 g5 9. Bg3 c6 ({Black should play} 9... h5 $11 10. h4 Bxc3+ 11. bxc3 Nxg3 12. fxg3 gxh4) 10. Bd3 $14 f5 $146 ({Predecessor:} 10... Nxg3 11. hxg3 h6 12. a3 Bd6 13. e4 dxe4 14. Nxe4 Be7 15. O-O-O Nb6 16. Rhe1 Nd5 {1-0 Vorobiov,E (2409)-Zhapova,Y (2183) Cheliabinsk Kurnosov Memorial Rapid 2024 (3)}) 11. O-O h5 12. h4 gxh4 $1 13. Nxh4 Nf8 14. Qd1 (14. Bxe4 $16 fxe4 15. f3) 14... Be7 $11 15. Be5 Rh7 16. Nf3 $1 Be6 17. Ne2 h4 18. Nf4 Bf7 19. Qc2 Qd7 20. a3 (20. b4 $16) 20... Ne6 21. b4 a6 22. Nh3 Bh5 23. Bh2 Bf6 (23... Bxf3 $14 24. gxf3 Bd6) 24. Ne5 $16 Bxe5 25. Bxe5 Bg6 26. a4 Ke7 27. f3 N4g5 28. Nf4 (28. Bxf5 Nxh3+ 29. Kh2 (29. gxh3 Bxf5 30. Qxf5 Rg8+ 31. Kf2 Rf7 $11) 29... Bxf5 30. Qxf5 Nhg5 $18) 28... Nxf4 29. exf4 Ne6 $2 (29... Nf7 30. b5 axb5 31. axb5 Rc8 32. bxc6 Rxc6) 30. Bxf5 $18 Bxf5 31. Qxf5 Rf7 32. Qg4 Raf8 33. Qxh4+ Ke8 34. Rfe1 Qe7 35. Qg4 Rf5 36. b5 cxb5 37. axb5 axb5 38. Reb1 b4 39. Ra4 Qh7 40. Raxb4 Nd8 41. Re1 Kf7 42. Rc1 (42. Rb6 $142 Re8 43. Rh6 (43. Qxf5+ $2 Qxf5 44. Rd6 Ne6 $19) 43... Qxh6 44. Qxf5+ Kg8 45. Qg4+ Kf7 46. Qd7+ Re7 47. Qxd8) 42... Re8 43. Rb6 Re7 44. Rc8 (44. Qxf5+ Qxf5 45. Rh6 Nc6 46. Rf6+ Qxf6 47. Bxf6 Kxf6 $17) 44... Ne6 45. Rh8 Qg6 46. Rf8+ 1-0

[Event "SixDays Budapest GM-C 10-2024"]
[Site "Budapest"]
[Date "2024.10.02"]
[Round "4.3"]
[White "Pacher, Milan"]
[Black "Laddha, Shubh Jayesh"]
[Result "1/2-1/2"]
[ECO "D26"]
[WhiteElo "2343"]
[BlackElo "2308"]
[Annotator "RC"]
[PlyCount "193"]
[EventDate "2024.09.24"]
[EventType "tourn"]
[EventCountry "HUN"]
[SourceTitle "playchess.com"]
[Source "ChessBase"]
[SourceQuality "1"]
[TimeControl "5400+30"]

1. d4 d5 2. c4 dxc4 3. e3 Nf6 4. Bxc4 e6 5. Nf3 c5 6. O-O Nc6 7. Nc3 a6 8. dxc5 Qxd1 9. Rxd1 Bxc5 10. a3 O-O 11. b4 Be7 12. Bb2 b5 13. Be2 Bb7 14. Nd2 Rfd8 15. Nb3 Nd7 16. Ne4 Nxb4 17. Nd6 Bd5 18. axb4 Bxb3 19. Rd3 Nb6 20. Rxb3 Rxd6 21. Bd4 Bf6 22. Rba3 Bxd4 23. exd4 Na4 24. Bd1 Rxd4 25. Bxa4 bxa4 26. Rxa4 g6 27. g3 Rb8 28. h4 h5 29. Kg2 Rb5 30. R1a3 Kg7 31. Rxa6 Rdxb4 32. R6a4 Rb2 33. Ra2 R2b3 34. R2a3 Rxa3 35. Rxa3 Kf6 36. Rf3+ Rf5 37. Ra3 Rd5 38. Rf3+ Ke7 39. Ra3 e5 40. Ra4 Ke6 41. Ra6+ Rd6 42. Ra7 f6 43. Rb7 Kf5 44. Rb4 Rd3 45. Rb6 Ra3 46. Rc6 Ra2 47. Rb6 Rd2 48. Kf3 e4+ 49. Ke3 Rd3+ 50. Ke2 Rf3 51. Rb4 Rd3 52. Rb6 Rf3 53. Rb4 Ra3 54. Rb6 Ra2+ 55. Ke3 Ra3+ 56. Ke2 Ra5 57. Ke3 Rd5 58. Ra6 Rb5 59. Rc6 Ra5 60. Rb6 g5 61. hxg5 fxg5 62. Rh6 Ra3+ 63. Ke2 Ra2+ 64. Ke3 Ra3+ 65. Ke2 Kg4 66. Re6 Ra4 67. Re8 Rb4 68. Kf1 Kh3 69. Re5 Kg4 70. Kg2 Ra4 71. Re8 Rc4 72. Re7 Kf5 73. Rf7+ Kg6 74. Re7 Kf6 75. Re8 Kf7 76. Re5 Kf6 77. Re8 Ra4 78. Rf8+ Kg7 79. Re8 Kf7 80. Re5 Kf6 81. Re8 g4 82. Rf8+ Kg7 83. Re8 Rd4 84. Re5 Kg6 85. Re6+ Kf5 86. Re8 Rd2 87. Rf8+ Ke5 88. Ra8 Rc2 89. Rd8 Rc5 90. Kg1 Rd5 91. Ra8 Rd1+ 92. Kg2 Rd2 93. Kf1 Rc2 94. Rh8 Kd4 95. Rd8+ Ke5 96. Re8+ Kf5 97. Rf8+ 1/2-1/2